Map: Hard Lead LE

Players

Bunny - Winner!

  • Race: Terran Terran
  • Spawn Location: 11:00

DKZJieShi (Jieshi)

  • Race: Protoss Protoss
  • League: Master
  • Spawn Location: 5:00

Event: IEM Katowice 2024

VOD

Have the link to the VOD?

Description

Time

  • Played on: Dec. 8, 2023, 12:49 p.m.
  • Length: 8:37

All games in this series

Show
View Real Time Build Order
Export as new Build Order

Bunny Terran - Winner!

Build Orders: Reaper Expand 

Get SALT Encoding   

  12  0:00  SCV  
  13  0:12  SCV  
  14  0:17  Supply Depot  
  14  0:24  SCV  
  15  0:38  SCV  
  15  0:39  Barracks  
  15  0:42  Refinery  
  16  0:50  SCV  
  17  1:03  SCV  
  18  1:15  SCV  
  19  1:26  Reaper  
  19  1:27  Orbital Command  
  20  1:41  Command Center  
  20  1:48  Supply Depot  
  20  1:52  SCV  
  21  2:00  Bunker  
  21  2:06  Marine  
  21  2:07  SCV  
  23  2:17  Factory  
  23  2:20  SCV  
  23  2:22  Refinery  
  24  2:26  Marine  
  25  2:32  SCV  
  26  2:44  Barracks Reactor, SCV  
  27  2:53  Orbital Command  
  27  2:56  SCV  
  28  3:01  Factory Tech Lab, Starport  
  28  3:09  SCV  
  29  3:21  Siege Tank, SCV  
  29  3:22  Marine x2  
  29  3:25  SCV  
  36  3:27  Supply Depot  
  36  3:33  SCV  
  37  3:37  SCV  
  37  3:39  Starport Tech Lab  
  37  3:40  Marine x2  
  40  3:44  Orbital Command  
  40  3:47  SCV  
  41  3:53  Siege Tank  
  44  3:56  Barracks  
  44  3:59  SCV  
  44  4:00  Marine x2  
  46  4:10  SCV  
  46  4:11  SCV  
  46  4:16  Raven  
  50  4:17  Supply Depot  
  50  4:19  Engineering Bay  
  50  4:20  Marine x2  
  50  4:22  SCV  
  50  4:23  SCV  
  54  4:26  Interference Matrix  
  54  4:27  Supply Depot  
  54  4:29  Refinery  
  54  4:38  SCV x2  
  54  4:45  Marine x2  
  56  4:52  SCV x2  
  59  4:54  Barracks, Terran Infantry Weapons Level 1  
  59  4:56  Bunker  
  59  4:59  Stimpack  
  59  5:02  Marine  
  59  5:03  Marine x2  
  59  5:04  SCV x2  
  59  5:05  Supply Depot  
  64  5:12  Supply Depot  
  64  5:15  Factory Reactor  
  64  5:16  SCV x2  
  64  5:20  Marauder  
  64  5:21  Marine x2  
  69  5:24  Refinery  
  69  5:28  Supply Depot, SCV x2  
  69  5:31  Supply Depot  
  71  5:36  Starport Reactor  
  71  5:38  Marine  
  71  5:39  Marine  
  71  5:40  SCV x2  
  71  5:42  Marauder  
  77  5:44  Supply Depot  
  77  5:51  Combat Shield, Marauder  
  77  5:53  Widow Mine x2  
  77  5:56  Marine x2  
  85  6:05  Command Center  
  85  6:11  Supply Depot  
  84  6:12  Marauder  
  84  6:15  Marauder  
  84  6:16  Medivac  
  84  6:18  Medivac  
  92  6:20  Widow Mine x2  
  92  6:21  Marine  
  92  6:23  Marine  
  98  6:28  Missile Turret  
  98  6:31  SCV  
  98  6:32  SCV  
  100  6:35  Supply Depot  
  100  6:36  Marauder  
  100  6:37  Marauder  
  100  6:39  Marine  
  105  6:41  Marine  
  105  6:45  Medivac  
  108  6:48  Concussive Shells, Medivac  
  108  6:53  Barracks x2  
  110  6:56  Widow Mine  
  110  6:58  Widow Mine  
  114  7:06  Supply Depot  
  114  7:07  Marauder  
  116  7:10  Marauder  
  116  7:11  Marine x2  
  116  7:15  SCV x2  
  122  7:17  Medivac  
  122  7:20  Medivac  
  125  7:26  Widow Mine  
  125  7:27  Widow Mine  
  126  7:31  Marauder x2  
  126  7:33  Marine x2  
  132  7:42  SCV  
  132  7:43  SCV  
  130  7:47  Barracks Reactor, Barracks Tech Lab  
  130  7:51  Marine x2  
  125  7:52  Orbital Command, Marauder  
  125  7:53  Marauder  
  125  7:56  SCV x2  
  125  7:58  Widow Mine  
  135  8:04  Widow Mine  
  137  8:06  Medivac x2  
  137  8:11  Marauder  
  138  8:14  Marauder x2  
  138  8:15  Marine x2  
  138  8:19  SCV x2  
Show
View Real Time Build Order
Export as new Build Order

DKZJieShi Protoss 

Build Orders: Blink Stalkers 

Get SALT Encoding   

  12  0:00  Probe  
  13  0:12  Probe  
  14  0:17  Pylon  
  14  0:25  Probe (Chrono Boost)  
  15  0:37  Gateway, Probe (Chrono Boost)  
  16  0:44  Probe (Chrono Boost)  
  16  0:49  Pylon  
  17  0:51  Probe  
  18  0:57  Assimilator  
  18  1:03  Probe  
  19  1:10  Gateway  
  19  1:15  Probe  
  20  1:25  Cybernetics Core  
  20  1:27  Probe  
  21  1:34  Assimilator  
  21  1:39  Probe  
  22  1:51  Probe  
  23  1:59  Stalker (Chrono Boost)  
  23  2:04  Probe  
  28  2:10  Adept (Chrono Boost)  
  27  2:17  Warp Gate (Chrono Boost), Pylon  
  27  2:18  Probe  
  30  2:34  Nexus  
  28  2:38  Probe  
  29  2:46  Twilight Council  
  29  2:50  Probe  
  30  2:57  Stalker  
  32  3:03  Probe  
  33  3:15  Probe  
  33  3:16  Gateway  
  34  3:20  Blink (Chrono Boost)  
  35  3:27  Probe  
  35  3:39  Probe  
  35  3:51  Probe (Chrono Boost)  
  35  3:53  Probe (Chrono Boost)  
  37  3:59  Stalker x2  
  37  4:02  Probe x2 (Chrono Boost)  
  43  4:06  Probe (Chrono Boost)  
  43  4:07  Probe (Chrono Boost)  
  45  4:10  Stalker  
  47  4:17  Robotics Facility, Probe  
  47  4:19  Probe  
  47  4:23  Pylon  
  49  4:29  Probe  
  50  4:32  Probe  
  49  4:47  Stalker x3  
  49  4:48  Probe  
  49  4:49  Probe  
  57  4:53  Shield Battery  
  57  4:56  Pylon x2  
  57  5:08  Nexus  
  57  5:14  Observer, Probe  
  57  5:15  Pylon  
  57  5:17  Stalker  
  57  5:19  Stalker  
  63  5:21  Charge  
  63  5:28  Forge  
  63  5:29  Probe x2  
  65  5:38  Observer  
  65  5:41  Probe x2  
  68  5:45  Forge  
  68  5:50  Sentry  
  68  5:52  Shield Battery  
  68  5:53  Probe  
  68  5:54  Probe  
  72  6:00  Protoss Ground Armor Level 1  
  72  6:01  Gateway  
  72  6:04  Gateway  
  72  6:05  Probe  
  72  6:06  Probe  
  74  6:17  Stalker  
  74  6:18  Probe (Chrono Boost)  
  75  6:22  Probe (Chrono Boost)  
  73  6:30  Probe (Chrono Boost)  
  75  6:33  Probe (Chrono Boost)  
  75  6:37  Probe (Chrono Boost)  
  75  6:38  Probe (Chrono Boost)  
  75  6:39  Gateway, Probe (Chrono Boost)  
  77  6:41  Gateway  
  78  6:47  Probe  
  78  6:49  Gateway  
  78  6:50  Gateway  
  78  6:51  Zealot x2  
  83  6:57  Pylon  
  83  6:58  Zealot  
  85  7:04  Probe x2  
  85  7:07  Immortal (Chrono Boost)  
  91  7:11  Pylon  
  91  7:12  Pylon  
  91  7:16  Pylon  
  91  7:21  Nexus  
  91  7:28  Zealot x4  
  99  7:33  Zealot  
  101  7:37  Zealot  
  101  7:39  Observer  
  101  7:43  Zealot  
  94  7:46  Zealot  
  94  7:49  Probe  
  93  7:52  Probe  
  93  7:56  Photon Cannon  
  93  7:57  Shield Battery  
  94  8:02  Zealot x6  
  106  8:12  Probe x3  
  94  8:13  Zealot  
  94  8:19  Zealot  
  82  8:25  Zealot  
  82  8:26  Zealot x3  
  84  8:31  Zealot  
  84  8:32  Zealot  

Tags
 
Add a new tag
Caveats
  • Supply blocks, unpowered buildings, or Contaminate may cause inaccurate times.
  • Supply counts are checked every 10 seconds.